 Dungeon Crawl Stone Soup version 0.26-a0-812-g31a745ddcd (webtiles) character file.

Game seed: 15694251639655185384

57 vurker the Sneak (level 4, -3/32 HPs)
             Began as a Gnoll Enchanter on Dec 3, 2020.
             Slain by a worker ant (5 damage)
             ... on level 4 of the Dungeon.
             The game lasted 00:01:41 (1392 turns).

vurker the Sneak (Gnoll Enchanter)                  Turns: 1392, Time: 00:01:41

Health: -3/32      AC:  2    Str: 10    XL:     4   Next: 0%
Magic:  11/11      EV: 12    Int: 18    God:
Gold:   54         SH:  7    Dex: 16    Spells: 12/13 levels left

rFire    . . .     SeeInvis .   h - +0 falchion
rCold    . . .     Faith    .   g - +0 kite shield
rNeg     . . .     Spirit   .   b - +0 robe
rPois    .         Reflect  .   (no helmet)
rElec    .         Harm     .   (no cloak)
rCorr    .         Rampage  .   (no gloves)
MR       .....                  (no boots)
Stlth    ++++......             (no amulet)
HPRegen  0.10/turn              j - ring of stealth
MPRegen  0.12/turn              (no ring)

@: brilliant, lethally poisoned (-3 -> -9)
A: distributed training, fangs 1, strong nose
a: no special abilities


You were on level 4 of the Dungeon.
You visited 1 branch of the dungeon, and saw 3 of its levels.

You collected 54 gold pieces.

Inventory:

Hand Weapons
 a - a +1 dagger
 h - a +0 falchion (weapon)
   (You found it on level 2 of the Dungeon)
Armour
 b - a +0 robe (worn)
 g - a +0 kite shield (worn)
   (You found it on level 2 of the Dungeon)
Jewellery
 j - a ring of stealth (left hand)
   (You found it on level 2 of the Dungeon)
Scrolls
 c - 3 scrolls of identify {unknown}
 d - 2 scrolls of teleportation {unknown}
 e - a scroll of magic mapping {unknown}
 f - a scroll of fear {unknown}
 k - a scroll of blinking {unknown}


   Skills:
 + Level 1.0 Fighting
 + Level 2.7 Short Blades
 + Level 1.0 Long Blades
 + Level 1.0 Axes
 + Level 1.0 Maces & Flails
 + Level 1.0 Polearms
 + Level 1.0 Staves
 + Level 1.0 Slings
 + Level 1.0 Bows
 + Level 1.0 Crossbows
 + Level 1.0 Throwing
 + Level 1.0 Armour
 + Level 4.6 Dodging
 + Level 6.0 Stealth
 + Level 1.0 Shields
 + Level 1.0 Unarmed Combat
 + Level 5.0 Spellcasting
 + Level 0.7 Conjurations
 + Level 5.4 Hexes
 + Level 0.7 Summonings
 + Level 0.7 Necromancy
 + Level 0.7 Translocations
 + Level 0.7 Transmutations
 + Level 0.7 Fire Magic
 + Level 0.7 Ice Magic
 + Level 0.7 Air Magic
 + Level 0.7 Earth Magic
 + Level 0.7 Poison Magic
 + Level 1.1 Invocations
 + Level 1.0 Evocations


You had 12 spell levels left.
You knew the following spells:

 Your Spells              Type           Power        Failure   Level
a - Corona                Hex            #####..      9%          1

Your spell library contained the following spells:

 Spells                   Type           Power        Failure   Level
 Confusing Touch          Hex            #####...     26%         3
 Tukima's Dance           Hex            #####...     26%         3
 Ensorcelled Hibernation  Hex/Ice        ###...       34%         2
 Dazzling Flash           Conj/Hex       ###...       56%         3


Dungeon Overview and Level Annotations

Branches:
Dungeon (2/15)

Altars:
Okawaru
Sif Muna

Annotations:
D:4 Robin


Innate Abilities, Weirdness & Mutations

Your experience applies equally to all skills.
You have very sharp teeth.
Your uncanny sense of smell can sniff out nearby items.


Message History

A jackal comes into view.
The jackal barks!
You hear a shout!
The jackal bites you.
* * * LOW HITPOINT WARNING * * *
Things that are here:
27 sling bullets; a quokka corpse You slash the jackal!
You kill the jackal!
Unknown command.
You closely miss the goblin.
You feel sick. The goblin barely misses you. The goblin closely misses you.
You hit the goblin but do no damage. The goblin hits you with a +0 club.
* * * LOW HITPOINT WARNING * * *
It was a potion of brilliance.
You feel clever all of a sudden.
The jackal bites you but does no damage.
You block the jackal's attack. You block the goblin's attack.
You barely miss the goblin.
You feel sick. You block the jackal's attack.
The goblin hits you but does no damage.
You closely miss the goblin. You block the jackal's attack.
The jackal bites you but does no damage.
The goblin misses you.
You slash the goblin!
You kill the goblin!
You have reached level 4!
You feel agile.
The jackal closely misses you. x2; You riposte.
You closely miss the jackal.
The worker ant bites you but does no damage.
You closely miss the jackal.
You feel sick. The jackal barely misses you.
The worker ant completely misses you.
You riposte.
You closely miss the worker ant. The jackal bites you.
* * * LOW HITPOINT WARNING * * *
You closely miss the worker ant. The worker ant completely misses you.
You riposte.
You hit the worker ant but do no damage.
You block the jackal's attack. The jackal bites you.
* * * LOW HITPOINT WARNING * * *
The worker ant bites you.
* * * LOW HITPOINT WARNING * * *
You are lethally poisoned!
The worker ant poisons you!
You closely miss the worker ant.
* * * LOW HITPOINT WARNING * * *
You feel sick. The jackal barely misses you. The worker ant closely misses you.
The jackal bites you.
* * * LOW HITPOINT WARNING * * *
You hit the worker ant.
* * * LOW HITPOINT WARNING * * *
You feel sick. The worker ant bites you.
You die...

..g...h..
...........#
Z.....#.#.#
#g...#.#.#
#....#.#.#
#....#.#.#
#g...#g#.#
#.g.g#h#.#
#..gB#@#.#
#....#B#.#
##.#..gg..#
.........###
###...)......#
##########.#


You could see a worker ant, a jackal, a hobgoblin and 2 goblins.

Vanquished Creatures
  4 dart slugs
  2 leopard geckos (D:1)
  5 bats
  9 goblins
  6 hobgoblins
  A jackal (D:4)
  6 kobolds
  A quokka (D:4)
  2 frilled lizards
  4 rats
40 creatures vanquished.

Notes
Turn   | Place    | Note
-------+----------+-------------------------------------------
     0 | D:1      | vurker the Gnoll Enchanter began the quest for the Orb.
     0 | D:1      | Reached XP level 1. HP: 13/13 MP: 6/6
    71 | D:1      | Reached XP level 2. HP: 19/19 MP: 7/7
   363 | D:1      | Reached XP level 3. HP: 18/25 MP: 9/9
   367 | D:1      | Reached skill level 5 in Spellcasting
   645 | D:1      | Reached skill level 6 in Stealth
   787 | D:1      | Reached skill level 1 in Invocations
   981 | D:2      | Found an iron altar of Okawaru.
  1160 | D:2      | Reached skill level 1 in Fighting
  1160 | D:2      | Reached skill level 1 in Long Blades
  1160 | D:2      | Reached skill level 1 in Axes
  1160 | D:2      | Reached skill level 1 in Maces & Flails
  1160 | D:2      | Reached skill level 1 in Polearms
  1160 | D:2      | Reached skill level 1 in Staves
  1160 | D:2      | Reached skill level 1 in Slings
  1160 | D:2      | Reached skill level 1 in Bows
  1160 | D:2      | Reached skill level 1 in Crossbows
  1160 | D:2      | Reached skill level 1 in Throwing
  1160 | D:2      | Reached skill level 1 in Armour
  1160 | D:2      | Reached skill level 1 in Shields
  1160 | D:2      | Reached skill level 1 in Unarmed Combat
  1160 | D:2      | Reached skill level 1 in Evocations
  1266 | D:2      | Found a shimmering blue altar of Sif Muna.
  1355 | D:2      | You fall into a shaft and drop 2 floors!
  1375 | D:4      | Noticed Robin
  1388 | D:4      | Reached XP level 4. HP: 12/32 MP: 11/11
  1392 | D:4      | Slain by a worker ant

Illustrated notes

Levels and vault maps discovered:
D:1:      dpeg_arrival_simpleton_c, layout_rooms, serial_bayou_pond_a
D:2:      layout_basic, okawaru_ov_weapons_minmay, small_statue_intersection,
          led_sif_pool, uniq_jessica
D:4:      layout_basic, lemuel_round_altar, old_standard_altar,
          overflow_temple_1_default, elyvilon_altar_3, lemuel_crystal_altar,
          minitemple, uniq_grinder, uniq_robin

Skill      XL: |  1  2  3 |
---------------+----------+-----
Spellcasting   | 5 |  5.0
Stealth        | 6 |  6.0
Invocations    | 1 |  1.1
Fighting       | 1 |  1.0
Long Blades    | 1 |  1.0
Axes           | 1 |  1.0
Maces & Flails | 1 |  1.0
Polearms       | 1 |  1.0
Staves         | 1 |  1.0
Slings         | 1 |  1.0
Bows           | 1 |  1.0
Crossbows      | 1 |  1.0
Throwing       | 1 |  1.0
Armour         | 1 |  1.0
Shields        | 1 |  1.0
Unarmed Combat | 1 |  1.0
Evocations     | 1 |  1.0
Short Blades   | |  2.7
Dodging        | |  4.6
Conjurations   | |  0.7
Hexes          | |  5.4
Summonings     | |  0.7
Necromancy     | |  0.7
Translocations | |  0.7
Transmutations | |  0.7
Fire Magic     | |  0.7
Ice Magic      | |  0.7
Air Magic      | |  0.7
Earth Magic    | |  0.7
Poison Magic   | |  0.7

Action                   |  1- 3 |  4- 6 || total
-------------------------+-------+-------++-------
Melee: Dagger            |   103 |       ||   103
       Bite              |     6 |       ||     6
       Falchion          |    13 |     4 ||    17
  Use: Potion            |     1 |       ||     1
 Stab: Sleeping          |    12 |       ||    12
Armor: Robe              |    16 |     1 ||    17
Dodge: Dodged            |    60 |     7 ||    67
Block: Kite shield       |     8 |     1 ||     9
       Rpst.: Falchion   |     1 |     3 ||     4

Table legend: (Time is in decaauts)
 A = Elapsed time spent in this place.
 B = Non-inter-level travel time spent in this place.
 C = Inter-level travel time spent in this place.
 D = Time resting spent in this place.
 E = Time spent auto-exploring this place.
 F = Levels seen in this place.
 G = Mean time per level.
                   A        B        C        D        E       F      G
               +--------+--------+--------+--------+--------+-----+--------+
         Total |   1384 |   1322 |     62 |      0 |   1066 |   3 |  461.3 |
       Dungeon |   1384 |   1322 |     62 |      0 |   1066 |   3 |  461.3 |
               +--------+--------+--------+--------+--------+-----+--------+

Top non-repeatable levels by time:
     D:1: 873 daAuts
     D:2: 469 daAuts
     D:4: 41 daAuts
